Map: Lerilak Crest

Players

LilDicky - Winner!

  • Race: Terran Terran
  • League: Diamond

Konata

  • Race: Zerg Zerg
  • League: Diamond

VOD

http://www.twitch.tv/tumescentpie

Description

Time

  • Played on: Dec. 31, 2015, 2:55 p.m.
  • Length: 22:26
Show
View Real Time Build Order
Export as new Build Order

LilDicky Terran - Winner!

Build Orders: Command Center First (CC), MMM Bio 

Get SALT Encoding   

  12  0:01  SCV  
  13  0:13  SCV  
  14  0:19  Supply Depot  
  14  0:25  SCV  
  15  0:40  SCV  
  16  0:52  SCV  
  17  1:04  SCV  
  17  1:06  Command Center  
  18  1:17  SCV  
  19  1:29  SCV  
  20  1:33  Barracks  
  20  1:41  SCV  
  21  1:52  Refinery  
  21  1:53  SCV  
  22  2:05  SCV  
  22  2:06  Supply Depot  
  23  2:17  SCV  
  21  2:22  Orbital Command  
  24  2:23  Barracks  
  24  2:31  Barracks, Orbital Command  
  24  2:37  Refinery  
  24  2:41  Barracks Reactor  
  24  2:42  Orbital Command  
  24  2:54  Supply Depot  
  25  3:05  SCV  
  25  3:11  Barracks Tech Lab  
  25  3:18  Barracks Tech Lab  
  25  3:19  Marine x2  
  27  3:21  SCV x2  
  29  3:29  Barracks  
  29  3:30  Barracks  
  29  3:31  Stimpack  
  29  3:33  Marine  
  30  3:36  SCV  
  30  3:37  Marine  
  30  3:38  Marine  
  30  3:40  Marine  
  34  3:43  Combat Shields  
  34  3:51  SCV, Marine  
  34  3:54  SCV, Marine  
  38  3:56  Marine  
  38  3:58  Marine  
  40  4:04  Factory  
  40  4:09  Marine  
  41  4:11  Orbital Command  
  41  4:17  Marine x3  
  41  4:21  Barracks Reactor  
  41  4:22  Barracks Reactor  
  44  4:27  Marine  
  45  4:35  Marine x3  
  48  4:38  SCV  
  48  4:39  SCV  
  48  4:44  Marine  
  51  4:51  SCV  
  52  4:52  Marine  
  52  4:53  Marine  
  52  4:59  Starport  
  54  5:00  Factory Reactor  
  54  5:07  Supply Depot  
  54  5:08  Supply Depot  
  54  5:10  Marine x8  
  62  5:28  Marine x6  
  62  5:33  Supply Depot x2, Marine x2  
  70  5:42  Medivac  
  72  5:43  Engineering Bay, Medivac  
  72  5:46  Marine x2  
  72  5:49  SCV  
  78  5:50  SCV  
  78  5:55  Marine  
  79  5:58  Supply Depot, Marine  
  79  6:01  SCV  
  79  6:03  Supply Depot  
  81  6:07  Marine  
  81  6:08  Marine x2  
  84  6:11  Widow Mine  
  84  6:13  Marine  
  87  6:24  Marine x2  
  87  6:25  Marine x3  
  82  6:53  SCV x2  
  76  6:57  Medivac x2  
  76  6:58  Marine x2  
  82  7:05  SCV  
  83  7:12  Command Center  
  64  7:49  Marine  
  64  7:50  Marine x7  
  66  8:07  Marine  
  66  8:08  Marauder x2, Marine x4  
  66  8:09  Widow Mine  
  66  8:10  Medivac x2  
  66  8:11  Marine  
  81  8:18  Barracks  
  81  8:20  Barracks x2  
  81  8:21  Terran Infantry Weapons Level 1  
  81  8:22  Barracks  
  81  8:25  Marine x2  
  81  8:26  Marine x3  
  84  8:29  Marine x2  
  84  8:30  Marauder  
  88  8:40  Medivac x2  
  92  8:41  Orbital Command  
  92  8:43  SCV x2, Marine x2  
  79  8:55  SCV  
  79  8:56  SCV  
  79  8:57  Marine x2  
  79  8:58  Marine  
  84  9:08  SCV x2, Marine x4  
  90  9:10  Medivac x2  
  94  9:19  Marine  
  94  9:20  SCV, Marauder x2  
  100  9:37  SCV x2  
  100  9:38  SCV  
  102  9:42  Command Center  
  96  9:53  Missile Turret  
  96  9:56  Missile Turret  
  96  9:57  Missile Turret  
  85  10:10  Marine x2  
  85  10:11  Marine, Marauder x2  
  85  10:12  Marine x7  
  89  10:28  Marine x2  
  88  10:29  Marine x3  
  88  10:30  Marine x4  
  88  10:33  Marauder x2  
  97  10:48  Marine  
  97  10:49  Marine x5  
  101  10:52  Marine x4  
  101  10:54  Marauder x2  
  107  11:06  Marine x2  
  107  11:07  Marine  
  110  11:15  Marauder x2  
  110  11:17  Marine x7  
  121  11:24  Marine x3  
  124  11:26  Missile Turret  
  124  11:27  Planetary Fortress  
  124  11:30  SCV  
  125  11:34  Marine x2  
  125  11:35  Marine x2  
  125  11:37  Marauder x2  
  98  11:58  Marauder x2  
  93  12:07  Marine x10  
  102  12:19  Marauder  
  102  12:20  Marauder  
  106  12:25  Marine x4  
  106  12:26  Medivac x2  
  106  12:27  Marine  
  115  12:37  Marine  
  115  12:38  Marine  
  115  12:39  Liberator  
  115  12:41  Marauder x2  
  121  12:46  Refinery  
  121  12:48  Refinery  
  120  12:56  Medivac  
  107  13:02  Marauder x2  
  102  13:08  Liberator  
  102  13:24  Marine, Marauder x2  
  102  13:25  Marine x4  
  108  13:45  Marauder x2  
  108  13:47  Liberator  
  91  14:06  Marauder x2, Marine x8  
  87  14:19  Marine x2  
  87  14:22  Starport  
  87  14:23  SCV x4, Marine  
  94  14:24  Terran Infantry Armor Level 1, Marine x7  
  94  14:28  Refinery x2, Marauder x2  
  94  14:29  Refinery  
  94  14:30  Refinery  
  105  14:32  Command Center  
  105  14:33  Command Center  
  105  14:35  SCV  
  106  14:39  Command Center  
  106  14:49  Marauder x2  
  106  14:52  Marine x3  
  111  14:57  Command Center  
  113  15:05  Starport Reactor  
  113  15:07  Command Center  
  113  15:08  Supply Depot  
  113  15:11  Supply Depot x2, Marauder x2  
  117  15:15  Marine x2  
  119  15:31  Marine x3  
  119  15:32  Marauder x2, Marine x3  
  119  15:33  Marine  
  119  15:34  Marine x2  
  119  15:35  Marine  
  92  15:49  Marine x4  
  95  15:50  Marine x2  
  95  15:51  Marine x3  
  95  15:53  Marauder  
  103  15:58  Missile Turret  
  103  16:00  Planetary Fortress  
  103  16:02  Orbital Command x2  
  103  16:07  Missile Turret  
  103  16:08  Missile Turret  
  103  16:11  Missile Turret  
  103  16:12  Missile Turret x2  
  103  16:13  Missile Turret  
  103  16:14  Liberator x3  
  103  16:15  Missile Turret  
  103  16:17  Supply Depot  
  103  16:19  Supply Depot  
  103  16:22  Supply Depot  
  103  16:23  Hi-Sec Auto Tracking  
  103  16:26  Armory  
  103  16:28  Armory  
  112  16:33  Marine  
  112  16:37  Marine  
  112  16:38  Marine x3  
  117  16:43  Planetary Fortress  
  117  16:45  Engineering Bay  
  117  16:46  Missile Turret  
  117  16:51  Refinery  
  117  16:52  Planetary Fortress  
  117  16:53  Refinery  
  117  16:57  Missile Turret  
  117  17:00  Missile Turret x2  
  117  17:18  Liberator x2  
  117  17:19  Liberator  
  117  17:21  Missile Turret  
  117  17:26  Missile Turret  
  117  17:29  Refinery  
  117  17:30  Terran Vehicle And Ship Armor Level 1, Terran Ship Weapons Level 1  
  117  17:32  Terran Infantry Weapons Level 2, Terran Infantry Armor Level 2  
  117  17:34  Liberator  
  126  17:45  Supply Depot  
  126  17:46  Supply Depot  
  126  17:48  Supply Depot  
  129  17:56  Marine x3  
  129  17:57  Marine x7  
  129  17:58  Marine x2  
  141  18:04  Widow Mine  
  143  18:14  Marine x4  
  143  18:16  Marauder  
  143  18:18  Medivac x2  
  153  18:22  Refinery  
  153  18:32  Marine  
  153  18:33  Marauder, Marine x2  
  158  18:36  Medivac  
  158  18:37  Marauder  
  158  18:38  Marine x2  
  164  18:54  Marine x2  
  164  18:55  Marauder  
  168  18:59  Marauder  
  168  19:02  Command Center  
  112  19:40  Marine  
  112  19:41  Marine x11  
  115  19:59  Marine x3  
  110  20:00  Marauder, Marine x8  
  120  20:17  Marine x5  
  120  20:18  Marauder  
  129  20:21  Marauder  
  129  20:29  Marine x2  
  129  20:30  Marine  
  127  20:46  Marine  
  127  20:47  Marine x6  
  127  20:48  Marauder x2  
  124  21:27  Marine x3  
  124  21:28  Marine x9  
  136  21:45  Marine x3  
  136  21:46  Marine x9  
  123  22:03  Marine x3  
  123  22:04  Marine x8  
Show
View Real Time Build Order
Export as new Build Order

Konata Zerg 

Build Orders: Hatch First 

Get SALT Encoding   

  12  0:04  Drone  
  13  0:08  Drone  
  14  0:15  Extractor  
  14  0:16  Drone  
  15  0:23  Overlord  
  15  0:41  Drone  
  15  0:42  Drone  
  17  0:59  Extractor  
  17  1:00  Hatchery, Drone  
  16  1:13  Drone  
  16  1:15  Drone  
  18  1:25  Spawning Pool  
  17  1:40  Drone x2  
  17  1:45  Drone  
  20  1:51  Overlord  
  20  2:04  Drone  
  21  2:11  Queen  
  21  2:13  Zergling x4  
  21  2:14  Metabolic Boost  
  25  2:26  Queen  
  27  2:34  Zergling x2  
  27  2:35  Drone  
  29  2:38  Drone  
  29  2:40  Drone  
  31  2:55  Drone x2  
  33  3:01  Overlord  
  33  3:02  Drone  
  34  3:10  Queen  
  36  3:13  Extractor  
  36  3:27  Drone x5  
  36  3:30  Hatchery  
  39  3:35  Drone x4  
  43  3:42  Overlord  
  43  3:51  Lair  
  43  3:59  Drone  
  43  4:00  Overlord x3  
  44  4:08  Drone  
  44  4:09  Drone x2  
  47  4:13  Evolution Chamber  
  47  4:17  Zergling x2  
  45  4:19  Zergling x4  
  45  4:21  Drone x3  
  50  4:27  Drone  
  51  4:31  Queen  
  51  4:33  Drone  
  51  4:36  Drone x3  
  57  4:40  Zerg Melee Weapons Level 1  
  57  4:50  Drone  
  57  4:52  Drone x2  
  60  4:53  Zergling x2  
  60  4:54  Zergling x6  
  60  4:57  Overseer  
  64  5:01  Drone x2, Extractor  
  64  5:03  Extractor  
  64  5:05  Drone  
  64  5:06  Queen  
  67  5:24  Drone x2, Overlord x2  
  68  5:34  Baneling Nest  
  67  5:36  Drone  
  67  5:37  Drone x2  
  67  5:38  Drone x5  
  75  5:43  Infestation Pit  
  75  5:44  Hatchery  
  73  5:55  Evolution Chamber, Overlord x2  
  72  6:01  Spore Crawler  
  72  6:02  Zergling x8  
  72  6:03  Zergling x4  
  77  6:06  Zergling x4  
  77  6:07  Overlord  
  77  6:11  Drone x4  
  82  6:14  Extractor  
  82  6:15  Extractor  
  81  6:24  Baneling x5  
  81  6:25  Baneling x7  
  81  6:26  Baneling x2  
  81  6:27  Zergling x6  
  81  6:32  Pathogen Glands  
  68  6:47  Zergling x6  
  68  6:48  Zergling x10  
  68  6:50  Zergling x12  
  68  6:52  Zergling x6  
  81  6:55  Baneling x2  
  81  7:01  Drone  
  82  7:06  Zergling x8  
  82  7:08  Baneling x5  
  77  7:18  Zergling x4  
  80  7:22  Zergling x4  
  80  7:23  Zergling x2  
  80  7:26  Zergling x2  
  78  7:34  Queen x2  
  78  7:35  Infestor x2  
  78  7:36  Infestor x2  
  81  7:47  Infestor x2  
  82  7:51  Drone x2  
  82  7:52  Drone  
  85  8:00  Overseer  
  85  8:24  Hatchery  
  85  8:26  Zergling x6  
  85  8:27  Zergling x14  
  89  8:34  Zergling x6  
  97  8:35  Hive  
  97  8:41  Zergling x2  
  95  8:57  Zergling x4  
  95  8:59  Overlord x4  
  97  9:09  Zerg Melee Weapons Level 2  
  97  9:11  Zerg Ground Armor Level 1  
  97  9:16  Queen x2  
  102  9:17  Zergling x6  
  102  9:19  Zergling x4  
  102  9:21  Baneling x2  
  106  9:27  Drone x3  
  109  9:44  Overseer  
  109  9:59  Zergling x14  
  115  10:00  Zergling x16  
  115  10:01  Zergling x8  
  115  10:05  Queen  
  107  10:21  Drone x5  
  101  10:22  Drone x6  
  102  10:32  Zergling x4  
  102  10:33  Zergling x8  
  107  10:40  Drone x2  
  102  10:48  Queen  
  102  10:49  Queen  
  106  10:50  Infestor  
  106  10:52  Drone  
  109  11:04  Adrenal Glands  
  109  11:09  Ultralisk Cavern  
  108  11:18  Queen, Baneling x5  
  108  11:19  Baneling x2  
  111  11:25  Zergling x6  
  111  11:26  Zergling x12  
  102  11:47  Zergling x2  
  102  11:48  Zergling x12  
  99  11:54  Queen  
  95  12:02  Infestor x2  
  95  12:03  Infestor  
  95  12:07  Chitinous Plating  
  100  12:09  Zergling x6  
  100  12:10  Zergling x2  
  100  12:11  Baneling x3  
  100  12:12  Baneling  
  103  12:25  Spore Crawler  
  103  12:26  Spore Crawler, Spine Crawler  
  103  12:28  Drone x3, Spore Crawler  
  103  12:29  Drone x3  
  105  12:41  Ultralisk  
  101  13:03  Infestor x2  
  101  13:04  Infestor x2  
  95  13:06  Zergling x8  
  99  13:13  Drone x4  
  103  13:21  Spore Crawler  
  102  13:31  Zergling x8  
  103  13:52  Zergling x6  
  103  13:53  Zergling x14  
  103  13:54  Zergling x8  
  106  14:04  Ultralisk  
  110  14:23  Spore Crawler  
  109  14:30  Hatchery  
  108  14:57  Spire  
  107  15:01  Drone x2  
  107  15:02  Drone  
  107  15:04  Spore Crawler  
  107  15:05  Spore Crawler  
  107  15:33  Zergling x4  
  107  15:34  Hatchery  
  102  16:01  Extractor  
  102  16:03  Ultralisk  
  107  16:13  Centrifical Hooks  
  107  16:21  Zerg Ground Armor Level 2  
  107  16:49  Corruptor x4  
  115  16:56  Baneling x2  
  115  16:58  Drone  
  115  16:59  Drone  
  117  17:03  Extractor  
  117  17:06  Baneling x3  
  117  17:07  Zergling x4  
  119  17:08  Drone x2  
  120  17:27  Queen  
  119  17:37  Hatchery  
  119  17:38  Extractor  
  119  17:41  Extractor  
  116  17:48  Zergling x2  
  116  17:49  Zergling x4  
  119  17:59  Overlord x3  
  119  18:02  Greater Spire  
  119  18:05  Zergling x6  
  122  18:09  Overlord x2  
  122  18:16  Extractor  
  122  18:19  Spore Crawler, Extractor  
  119  18:20  Overseer  
  119  18:24  Spore Crawler  
  119  18:25  Spore Crawler x2  
  119  18:26  Spine Crawler x2  
  115  18:27  Zergling x6  
  115  18:28  Zergling x6  
  120  18:37  Queen  
  122  18:54  Ultralisk  
  128  19:00  Corruptor x2  
  132  19:08  Spore Crawler  
  131  19:12  Spore Crawler  
  97  19:39  Viper x3  
  83  19:53  Corruptor x3  
  86  20:03  Corruptor  
  78  20:25  Zergling x12  
  78  20:26  Zergling x2  
  72  21:02  Zergling x10  
  72  21:03  Zergling x12  
  52  21:32  Baneling x4  
  43  21:33  Baneling  
  43  21:39  Spore Crawler  
Tags
 
Add a new tag
Caveats
  • Supply blocks, unpowered buildings, or Contaminate may cause inaccurate times.
  • Supply counts are checked every 10 seconds.